 Dungeon Crawl Stone Soup version 0.30.1-3-gfc49f6343a (webtiles) character file.

Game seed: 14314464356500057631

45 Anriel the Firebug (level 3, 0/19 HPs)
             Began as a Deep Elf Fire Elementalist on Aug 8, 2023.
             Slain by a gnoll
             ... wielding a +0 whip
              (8 damage)
             ... on level 3 of the Dungeon.
             The game lasted 00:11:33 (1529 turns).

Anriel the Firebug (Deep Elf Fire Elementalist)     Turns: 1529, Time: 00:11:34

Health: 0/19       AC:  3    Str:  5    XL:     3   Next: 42%
Magic:  9/10       EV: 13    Int: 21    God:
Gold:   39         SH:  0    Dex: 15    Spells: 2/9 levels left

rFire   . . .        c - +0 dagger
rCold   . . .        (no shield)
rNeg    . . .        a - +0 robe
rPois   .            (no helmet)
rElec   .            h - +0 cloak
rCorr   .            (no gloves)
SInv    .            (no boots)
Will    .....        g - amulet of regeneration
Stlth   ++           (no ring)
HPRegen 1.03/turn    (no ring)
MPRegen 0.12/turn

%: no passive effects
@: no status effects
A: no striking features
a: no special abilities


You were on level 3 of the Dungeon.
You visited 1 branch of the dungeon, and saw 3 of its levels.

You collected 39 gold pieces.

Inventory:

Hand Weapons
 c - a +0 dagger (weapon)
Armour
 a - a +0 robe (worn)
 h - a +0 cloak (worn)
Jewellery
 g - an amulet of regeneration (around neck)
Scrolls
 f - a scroll of immolation
Potions
 b - a potion of magic
 d - 2 potions of heal wounds
 e - a potion of lignification
 i - 2 potions of brilliance {unknown}
 k - 2 potions of mutation {unknown}


   Skills:
 - Level 3.0 Dodging
 + Level 2.5 Stealth
 + Level 3.5 Spellcasting
 * Level 2.5 Conjurations
 + Level 3.6 Fire Magic


You had 2 spell levels left.
You knew the following spells:

 Your Spells              Type           Power      Damage    Failure   Level
a - Foxfire               Conj/Fire      64%        2x1d7     3%          1
b - Inner Flame           Hex/Fire       11%        N/A       19%         3
c - Volatile Blastmotes   Fire/Tloc      22%        2d11      19%         3

Your spell library contained the following spells:

 Spells                   Type           Power      Damage    Failure   Level
 Scorch                   Fire           38%        2d6       4%          2
 Freeze                   Ice            12%        1d3       13%         1
 Sandblast                Erth           6%         2d5       13%         1
 Ensorcelled Hibernation  Hex/Ice        6%         N/A       19%         2
 Passwall                 Tmut/Erth      2%         N/A       19%         2
 Hailstorm                Conj/Ice       8%         3d4       22%         3
 Stone Arrow              Conj/Erth      16%        3d8       22%         3
 Flame Wave               Conj/Fire      16%        2d7       34%         4
 Frozen Ramparts          Ice            6%         1d1       36%         3
 Spider Form              Tmut/Pois      3%         N/A       36%         3
 Anguish                  Hex/Necr       1%         N/A       77%         4
 Summon Forest            Summ/Tloc      1%         N/A       98%         5
 Summon Mana Viper        Hex/Summ       3%         N/A       98%         5
 Summon Cactus Giant      Summ           1%         N/A       100%        6


Dungeon Overview and Level Annotations

Branches:
Dungeon (3/15)

Altars:


Message History

Found an escape hatch in the floor.
Found a stone.
You now have 39 gold pieces (gained 13).
A rat comes into view.
Casting: Foxfire (safe; 3% risk of failure)
Confirm with . or Enter, or press ? or * to list all spells.
You conjure some foxfire!
The foxfire hits the rat.
You kill the rat!
Magic restored.
You see here a rat corpse.
Found a stone staircase leading down.
There is a stone staircase leading down here.
There is a stone staircase leading down here.
There is a stone staircase leading up here.
Found a stone staircase leading down.
There is a stone staircase leading down here.
Done exploring.
As you read the scroll labelled KUFRAV EFOPHEU, it crumbles to dust.
You feel strangely unstable.
It was a scroll of teleportation.
You start waiting.
Your surroundings suddenly seem different.
There is a stone staircase leading down here.
Okay, then.
You climb downwards.
The gnoll shouts! x3; The adder hisses angrily.
Found 8 gold pieces and a ruby potion.
There is a stone staircase leading up here.
Casting: Foxfire (safe; 3% risk of failure)
Confirm with . or Enter, or press ? or * to list all spells.
You conjure some foxfire!
The gnoll barely misses you.
You hit the gnoll.
The gnoll is moderately wounded.
The foxfire hits the gnoll but does no damage.
The gnoll is moderately wounded.
The foxfire hits the gnoll.
The gnoll is severely wounded.
The gnoll hits you with a +0 whip!
The gnoll hits you from afar with a +0 spear.
The gnoll hits you with a +0 whip!
You die...

. ...
.!..#####
......ยง.#
$..S...@#
......gg#
......g.#
........#
........#
........#
#.#######
#.


You could see 3 gnolls and an adder.

Vanquished Creatures
  An adder (D:2)
  A worm (D:2)
  3 ball pythons
  2 endoplasms (D:2)
  2 giant cockroaches
  5 goblins
  3 hobgoblins
  4 kobolds
  6 bats
  A frilled lizard (D:1)
  4 rats (D:2)
32 creatures vanquished.

Vanquished Creatures (others)
  60 foxfires
60 creatures vanquished.

Grand Total: 92 creatures vanquished

Notes
Turn   | Place    | Note
-------+----------+-------------------------------------------
     0 | D:1      | Anriel the Deep Elf Fire Elementalist began the quest for
                  | the Orb.
     0 | D:1      | Reached XP level 1. HP: 10/10 MP: 6/6
   425 | D:1      | Reached XP level 2. HP: 15/15 MP: 8/8
   813 | D:2      | Reached XP level 3. HP: 19/19 MP: 5/9
   959 | D:2      | Learned a level 3 spell: Inner Flame
   974 | D:2      | Learned a level 3 spell: Volatile Blastmotes
  1529 | D:3      | Slain by a gnoll

Illustrated notes

Levels and vault maps discovered:
D:1:      lemuel_arrival_room, layout_loops_ring
D:2:      layout_loops_ring, serial_aquarium, aquarium_bridge_square
          [aquarium_subvault_wall, aquarium_subvault_wall,
          aquarium_subvault_wall, aquarium_subvault_bridge],
          aquarium_bridge_straight [aquarium_subvault_bridge,
          aquarium_subvault_window, aquarium_subvault_bridge,
          aquarium_subvault_balcony], aquarium_window_fake,
          aquarium_window_corner, aquarium_view_2f, aquarium_view_2c,
          serial_bayou_crossing
D:3:      layout_rooms, ebering_ghost_gozag

Skill      XL: |  1  2  3 |
---------------+----------+-----
Conjurations   | 2 |  2.5
Dodging        | 3 |  3.0
Stealth        | |  2.5
Spellcasting   | |  3.5
Fire Magic     | |  3.6

Action                     || total
---------------------------++-------
  Melee: Dagger            ||    11
   Cast: Foxfire           ||    38
    Use: Scroll            ||     6
   Stab: Sleeping          ||     4
 Armour: Robe              ||     6
  Dodge: Dodged            ||    11
